 Dungeon Crawl Stone Soup version 0.28-a0-998-gb9e9c7b67e (webtiles) character file.

Game seed: 11356705111515550211

4 ytrimaz the Insei (level 1, 0/13 HPs)
             Began as an Octopode Transmuter on Dec 5, 2021.
             Slain by a hobgoblin (3 damage)
             ... on level 1 of the Dungeon.
             The game lasted 00:00:39 (357 turns).

ytrimaz the Insei (Octopode Transmuter)              Turns: 357, Time: 00:00:39

Health: 0/13       AC:  1    Str:  9    XL:     1   Next: 60%
Magic:  3/3        EV: 13    Int: 15    God:
Gold:   0          SH:  0    Dex: 12    Spells: 3/4 levels left

rFire   . . .      SeeInvis .     - Unarmed
rCold   . . .      Faith    .   (no shield)
rNeg    . . .      Spirit   .   (helmet restricted)
rPois   .          Reflect  .   (no amulet)
rElec   .          Harm     .   (no ring)
rCorr   .          Rampage  .   (no ring)
Will    .....                   (no ring)
Stlth   ++........              (no ring)
HPRegen 0.04/turn               (no ring)
MPRegen 0.08/turn               (no ring)
                                (no ring)
                                (no ring)

@: no status effects
A: almost no armour, amphibious, 8 rings, camouflage 1, gelatinous body 1,
(nimble swimmer 1), tentacles
a: no special abilities


You were on level 1 of the Dungeon.
You visited 1 branch of the dungeon, and saw 1 of its levels.

You aren't carrying anything.


   Skills:
 - Level 1.0 Fighting
 - Level 2.0 Dodging
 + Level 3.1 Unarmed Combat
 * Level 2.1 Spellcasting
 * Level 2.0 Transmutations


You had 3 spell levels left.
You knew the following spells:

 Your Spells              Type           Power      Damage    Failure   Level
a - Beastly Appendage     Tmut           14%        N/A       10%         1

Your spell library contained the following spells:

 Spells                   Type           Power      Damage    Failure   Level
 Wereblood                Tmut           7%         N/A       14%         2
 Spider Form              Tmut/Pois      4%         N/A       41%         3
 Ice Form                 Ice/Tmut       4%         N/A       82%         4


Dungeon Overview and Level Annotations

Branches:
Dungeon (1/15)

Altars:


Innate Abilities, Weirdness & Mutations

You cannot wear most types of armour.
You are amphibious.
You can wear up to eight rings at the same time.
Your skin changes colour to match your surroundings (Stealth+).
Your rubbery body absorbs attacks. (AC +1, EV +1)
((You are camouflaged near water. (Stealth+)))
You have tentacles for arms and can constrict up to eight enemies at once.


Message History

Your grab misses the quokka.
You pierce the quokka, but do no damage.
Your transformation is almost over.
The quokka bites you.
You tentacle-slap the quokka. You grab the quokka.
The quokka is almost dead.
You constrict the quokka, but do no damage.
The hobgoblin closely misses you. The quokka closely misses you.
Unknown command.
You release your grip on the quokka.
You tentacle-slap the hobgoblin but do no damage.
You grab the hobgoblin.
You pierce the hobgoblin, but do no damage.
You squeeze the hobgoblin, but do no damage.
You constrict the hobgoblin. The hobgoblin hits you.
* * * LOW HITPOINT WARNING * * *
You tentacle-slap the hobgoblin.
You squeeze the hobgoblin, but do no damage.
The hobgoblin is heavily wounded.
You constrict the hobgoblin. The hobgoblin barely misses you.
You tentacle-slap the hobgoblin.
You kill the hobgoblin!
You closely miss the quokka. Your grab misses the quokka.
The quokka is almost dead.
The quokka bites you but does no damage.
You tentacle-slap the quokka but do no damage.
You grab the quokka.
You pierce the quokka.
You kill the quokka!
Your tentacle spike disappears.
Unknown command.
You barely miss the hobgoblin. You grab the hobgoblin.
You constrict the hobgoblin, but do no damage.
The hobgoblin misses you.
You tentacle-slap the hobgoblin but do no damage.
You constrict the hobgoblin. The hobgoblin closely misses you.
You tentacle-slap the hobgoblin but do no damage.
The hobgoblin is lightly wounded.
You constrict the hobgoblin, but do no damage.
The hobgoblin hits you.
You die...

### ##)## #### #.###...##
#... #........# #.##
.####...## ####.#########
##+# #............#
##...# #@#####.####.##.##
#.....##g# #.####.##...
.......#.# #...##.#####
.....g...# #......#####
.........# #....[......
...............#.########
.......######.##.#
#.....# ## #.# ##...# ..#


You could see a hobgoblin.

Vanquished Creatures
  A hobgoblin (D:1)
  2 quokkas (D:1)
3 creatures vanquished.

Notes
Turn   | Place    | Note
-------+----------+-------------------------------------------
     0 | D:1      | ytrimaz the Octopode Transmuter began the quest for the
                  | Orb.
     0 | D:1      | Reached XP level 1. HP: 13/13 MP: 3/3
   357 | D:1      | Slain by a hobgoblin

Illustrated notes

Levels and vault maps discovered:
D:1:      tarquinn_simple_flora_water_a, layout_loops_corners

Action                   || total
-------------------------++-------
Melee: Unarmed           ||    19
       Constrict         ||     5
       Kick              ||     4
       Tentacles         ||     3
       Punch             ||     2
 Cast: Beastly Appendage ||     2
Armor: Skin              ||     1
Dodge: Dodged            ||    12

Table legend: (Time is in decaauts)
 A = Elapsed time spent in this place.
 B = Non-inter-level travel time spent in this place.
 C = Inter-level travel time spent in this place.
 D = Time resting spent in this place.
 E = Time spent auto-exploring this place.
 F = Levels seen in this place.
 G = Mean time per level.
                   A        B        C        D        E       F      G
               +--------+--------+--------+--------+--------+-----+--------+
         Total |    356 |    356 |      0 |      0 |    323 |   1 |  356.0 |
       Dungeon |    356 |    356 |      0 |      0 |    323 |   1 |  356.0 |
               +--------+--------+--------+--------+--------+-----+--------+

Top non-repeatable levels by time:
     D:1: 356 daAuts
